[ AOE2 MATCH · #508105418 ]
UnrankedMalians vs Goths
Player's team · WIN
Rival team · LOSS
[ REPLAY ANALYSIS · EXTRACTED FROM THE RECORDED GAME ]
Feudal
11:05
Castle
—
Imperial
—
| APM avg | 61.4 |
| APM peak | 79 |
| eAPM avg | 29.8 |
| Villagers / military | 27 / 7 |
Focus
⚔️ 49.7% · 🌾 50.3%
Militia ×7
Feudal
9:13
Castle
—
Imperial
—
| APM avg | 47.6 |
| APM peak | 86 |
| eAPM avg | 18.7 |
| Villagers / military | 20 / 6 |
Focus
⚔️ 19.2% · 🌾 80.8%
Archer ×5 · Spearman ×1
Match map
Initial resources + every placement click. Lines = walls · curves = elevation contours. ◆ gold · ⬟ stone · ● berries · ✦ relic · ◌ wall gap
Your base· Open — unwalled flank
hK | TwisteR's base· Open — unwalled flank
Smoothed initial terrain · ◌ = detected wall gap · hover for details
Inputs per minute
— CNZS_情场浪子 - - hK | TwisteR
Build order — CNZS_情场浪子
62 actions detected in the replay
| 0:00 | Queue | Villager (Male) |
| 0:01 | Queue | Villager (Male) |
| 0:04 | Build | House |
| 0:05 | Build | House |
| 0:09 | Queue | Villager (Male) |
| 0:18 | Queue | Villager (Male) |
| 1:29 | Queue | Villager (Male) |
| 1:29 | Queue | Villager (Male) |
| 2:02 | Queue | Villager (Male) |
| 2:03 | Queue | Villager (Male) |
| 2:08 | Build | Barracks |
| 2:14 | Queue | Villager (Male) |
| 2:38 | Queue | Villager (Male) |
| 3:05 | Queue | Militia |
| 3:13 | Build | House |
| 3:18 | Queue | Villager (Male) |
| 3:31 | Queue | Militia |
| 3:49 | Queue | Villager (Male) |
| 4:06 | Queue | Militia |
| 4:12 | Build | House |
| 4:17 | Queue | Villager (Male) |
| 4:34 | Queue | Villager (Male) |
| 4:58 | Queue | Villager (Male) |
| 5:34 | Build | Lumber Camp |
| 5:35 | Queue | Villager (Male) |
| 5:44 | Queue | Villager (Male) |
| 6:05 | Queue | Villager (Male) |
| 6:29 | Queue | Villager (Male) |
| 6:42 | Build | House |
| 7:04 | Queue | Villager (Male) |
| 7:22 | Build | Mill |
| 7:28 | Queue | Villager (Male) |
| 8:02 | Queue | Villager (Male) |
| 8:05 | Research | Loom |
| 8:05 | Research | Loom |
| 8:08 | Build | Mill |
| 8:52 | Research | Feudal Age |
| 9:09 | Build | Mining Camp |
| 9:14 | Build | Farm |
| 9:20 | Queue | Villager (Male) |
| 9:24 | Build | Palisade Wall |
| 9:51 | Build | Farm |
| 9:54 | Build | House |
| 9:57 | Build | Palisade Wall |
| 10:02 | Build | Palisade Wall |
| 10:14 | Queue | Militia |
| 10:39 | Build | House |
| 11:05 | Age | Feudal Age |
| 11:08 | Research | Man-at-Arms (upgrade) |
| 11:09 | Research | Double-Bit Axe |
| 11:10 | Queue | Villager (Male) |
| 11:35 | Queue | Militia |
| 11:41 | Queue | Villager (Male) |
| 11:51 | Build | Farm |
| 11:52 | Queue | Militia |
| 11:54 | Build | Farm |
| 11:56 | Build | Farm |
| 11:58 | Build | Farm |
| 12:12 | Queue | Villager (Male) |
| 12:32 | Queue | Militia |
| 12:37 | Build | Archery Range |
| 12:38 | Queue | Villager (Male) |
Build order — hK | TwisteR
46 actions detected in the replay
| 0:02 | Queue | Villager (Male) |
| 0:04 | Build | House |
| 0:05 | Build | House |
| 0:20 | Queue | Villager (Male) |
| 0:20 | Queue | Villager (Male) |
| 0:20 | Queue | Villager (Male) |
| 1:24 | Queue | Villager (Male) |
| 1:48 | Build | Lumber Camp |
| 1:58 | Queue | Villager (Male) |
| 2:15 | Queue | Villager (Male) |
| 2:48 | Queue | Villager (Male) |
| 3:02 | Queue | Villager (Male) |
| 3:34 | Build | House |
| 3:40 | Queue | Villager (Male) |
| 4:06 | Queue | Villager (Male) |
| 4:11 | Queue | Villager (Male) |
| 4:57 | Queue | Villager (Male) |
| 5:07 | Build | Mining Camp |
| 5:08 | Queue | Villager (Male) |
| 5:36 | Queue | Villager (Male) |
| 6:00 | Build | Palisade Wall |
| 6:03 | Build | Palisade Wall |
| 6:20 | Research | Loom |
| 7:03 | Research | Feudal Age |
| 7:07 | Build | Palisade Gate |
| 7:15 | Build | Palisade Gate |
| 8:02 | Build | Barracks |
| 8:14 | Build | Palisade Gate |
| 8:16 | Build | Palisade Gate |
| 9:13 | Age | Feudal Age |
| 9:18 | Queue | Villager (Male) |
| 9:24 | Build | Archery Range |
| 9:29 | Queue | Villager (Male) |
| 9:31 | Queue | Villager (Male) |
| 9:36 | Queue | Villager (Male) |
| 9:50 | Build | House |
| 10:06 | Queue | Spearman |
| 10:14 | Build | Palisade Gate |
| 10:30 | Queue | Archer |
| 10:36 | Build | Mill |
| 10:38 | Queue | Villager (Male) |
| 10:56 | Queue | Archer |
| 11:25 | Build | House |
| 11:31 | Queue | Archer |
| 11:57 | Queue | Archer |
| 12:18 | Queue | Archer |
Match timeline
| 2:08 | CNZS_情场浪子 · first_building Barracks |
| 6:00 | hK | TwisteR · wall_segment Palisade Wall x1 |
| 6:03 | hK | TwisteR · wall_segment Palisade Wall x1 |
| 8:02 | hK | TwisteR · first_building Barracks |
| 9:13 | hK | TwisteR · age_up feudal |
| 9:24 | CNZS_情场浪子 · wall_segment Palisade Wall x9 |
| 9:24 | hK | TwisteR · first_building Archery Range |
| 9:57 | CNZS_情场浪子 · wall_segment Palisade Wall x8 |
| 10:02 | CNZS_情场浪子 · wall_segment Palisade Wall x9 |
| 11:05 | CNZS_情场浪子 · age_up feudal |
| 12:37 | CNZS_情场浪子 · first_building Archery Range |
| 12:50 | hK | TwisteR · resign |
[ AI ANALYSIS · 1 CREDIT ]
What really happened in this match?
Wolo.gg analyzes every decision: build order, eco, micro, common mistakes by bracket. Personalized analysis on WhatsApp or Discord in 30 seconds.
Civ guide
Malians
Perfil
Jugador #10044347